Map: Curious Minds LE

Players

A.I. 1 (Very Easy) - Winner!

  • Race: Zerg Zerg

PattyMac

  • Race: Protoss Protoss
  • League: Grandmaster

VOD

Have the link to the VOD?

Description

Time

  • Played on: Feb. 18, 2022, 12:26 a.m.
  • Length: 5:29
Show
View Real Time Build Order
Export as new Build Order

A.I. 1 (Very Easy) Zerg - Winner!

Build Orders: Pool Only 

Get SALT Encoding   

  12  0:01  Drone  
  13  0:12  Overlord  
  13  0:16  Drone  
  14  0:35  Spawning Pool  
  13  0:37  Extractor  
  13  0:39  Drone  
  13  0:46  Drone  
  14  0:51  Overlord  
  14  1:22  Queen, Zergling x2  
  17  1:30  Roach Warren  
  17  1:32  Extractor  
  15  1:36  Drone  
  16  1:43  Drone  
  17  1:48  Zergling x2  
  18  2:02  Drone  
  19  2:10  Drone  
  19  2:15  Zergling x2  
  21  2:19  Drone  
  22  2:28  Overlord  
  22  2:32  Drone  
  23  2:40  Drone  
  23  2:41  Roach  
  26  2:47  Drone  
  27  4:02  Zergling x2  
Show
View Real Time Build Order
Export as new Build Order

PattyMac Protoss 

Build Orders: 1 Gate Expand, Mass Adepts 

Get SALT Encoding   

  12  0:00  Probe  
  13  0:12  Probe  
  14  0:19  Pylon  
  14  0:24  Probe (Chrono Boost)  
  15  0:38  Probe (Chrono Boost)  
  15  0:39  Gateway  
  16  0:46  Probe (Chrono Boost)  
  16  0:49  Assimilator  
  17  0:52  Probe  
  18  1:04  Probe  
  19  1:17  Probe  
  20  1:24  Nexus  
  20  1:34  Cybernetics Core  
  20  1:37  Probe  
  21  1:42  Assimilator  
  21  1:49  Probe  
  21  1:52  Pylon  
  23  2:01  Probe (Chrono Boost)  
  23  2:08  Warp Gate (Chrono Boost), Adept (Chrono Boost)  
  23  2:12  Probe (Chrono Boost)  
  26  2:17  Probe (Chrono Boost)  
  26  2:20  Gateway  
  27  2:27  Probe  
  28  2:30  Stalker (Chrono Boost)  
  28  2:36  Probe  
  31  2:39  Probe  
  32  2:48  Probe  
  32  2:50  Gateway  
  33  2:52  Probe  
  33  2:58  Adept  
  36  3:00  Probe  
  36  3:04  Probe  
  38  3:08  Twilight Council  
  38  3:12  Adept, Probe  
  41  3:16  Probe  
  42  3:20  Pylon  
  42  3:25  Probe, Pylon  
  43  3:29  Probe  
  44  3:37  Probe  
  44  3:38  Resonating Glaives (Chrono Boost)  
  44  3:41  Probe  
  46  3:50  Adept x3  
  46  3:52  Probe  
  53  3:57  Probe  
  53  4:02  Nexus  
  54  4:07  Pylon  
  54  4:11  Probe x2  
  54  4:13  Adept  
  54  4:15  Adept  
  60  4:23  Assimilator x2  
  58  4:25  Adept  
  58  4:26  Probe  
  58  4:31  Probe  
  62  4:32  Pylon  
  62  4:38  Adept x2  
  62  4:44  Probe  
  62  4:45  Adept, Probe  
  68  4:51  Stargate  
  70  4:53  Stargate  
  70  4:56  Probe  
  71  5:02  Adept x2  
  71  5:06  Probe  
  76  5:11  Probe  
  76  5:12  Dark Shrine  
  77  5:16  Probe  
  77  5:20  Adept  
  81  5:23  Shield Battery  
Tags
 
Add a new tag
Caveats
  • Supply blocks, unpowered buildings, or Contaminate may cause inaccurate times.
  • Supply counts are checked every 10 seconds.